 Dungeon Crawl Stone Soup version 0.21.0-3-g78d12a8 (webtiles) character file.

28 komo4ek the Grave Robber (level 3, -1/16 HPs)
             Began as a Vine Stalker Necromancer on Jan 16, 2018.
             Slain by a worm (11 damage)
             ... on level 2 of the Dungeon.
             The game lasted 00:03:23 (1293 turns).

komo4ek the Grave Robber (Vine Stalker Necromancer) Turns: 1293, Time: 00:03:23

Health: -1/16      AC:  2    Str: 10    XL:     3   Next: 12%
Magic:  0/8        EV: 12    Int: 16    God:
Gold:   53         SH:  0    Dex: 14    Spells: 5/7 levels left

rFire    . . .     SeeInvis .   d - +0 dagger
rCold    . . .     Gourm    .   (no shield)
rNeg     . . .     Faith    .   a - +0 robe
rPois    .         Spirit   +   (no helmet)
rElec    .         Reflect  .   (no cloak)
rCorr    .         Harm     .   (no gloves)
MR       .....                  (no boots)
Stlth    ++........             (no amulet)
HPRegen  0.05/turn              (no ring)
MPRegen  0.11/turn              (no ring)

@: very slightly contaminated
A: fangs 2, magic shield, antimagic bite, no potion heal 3, rot immunity
a: no special abilities


You were on level 2 of the Dungeon.
You were not hungry.

You visited 1 branch of the dungeon, and saw 2 of its levels.

You collected 53 gold pieces.

Inventory:

Hand Weapons
 d - a +0 dagger (weapon)
Armour
 a - a +0 robe (worn)
Scrolls
 e - 3 scrolls of identify {unknown}
 f - a scroll of remove curse {unknown}
 g - a scroll of teleportation {unknown}
 h - a scroll of enchant weapon {unknown}
Potions
 i - a potion of curing {unknown}
Books
 b - a book of Necromancy

   Spells                             Type                      Level
   a - Pain                           Necromancy                   1
   b - Animate Skeleton               Necromancy                   1
   c - Vampiric Draining              Necromancy                   3
   d - Regeneration                   Charms/Necromancy            3
   e - Animate Dead                   Necromancy                   4
   f - Borgnjor's Vile Clutch         Necromancy/Earth             5
Comestibles
 c - 2 rations


   Skills:
 - Level 1.5 Dodging
 - Level 2.4 Stealth
 + Level 2.7 Spellcasting
 * Level 4.7 Necromancy


You had 5 spell levels left.
You knew the following spells:

 Your Spells              Type           Power        Failure   Level  Hunger
a - Pain                  Necr           ###.         2%          1    #......
b - Animate Skeleton      Necr           N/A          2%          1    #......


Dungeon Overview and Level Annotations

Branches:
Dungeon (2/15)

Altars:


Innate Abilities, Weirdness & Mutations

You have extremely sharp teeth.
When hurt, damage is shared between your health and your magic reserves.
Your bite disrupts and absorbs the magic of your enemies.
Potions cannot restore your health.
You are immune to rotting.


Message History

Casting: Pain
Confirm with . or Enter, or press ? or * to list all spells.
Aiming: Pain
Press: ? - help, Shift-Dir - straight line, f/p - worm
Aim: a worm (lightly wounded, chance to defeat MR: 82%)
The worm writhes in agony!
Casting: Pain
Confirm with . or Enter, or press ? or * to list all spells.
Aiming: Pain
Press: ? - help, Shift-Dir - straight line, f/p - worm
Aim: a worm (moderately wounded, chance to defeat MR: 82%)
The worm writhes in agony!
Casting: Pain
Confirm with . or Enter, or press ? or * to list all spells.
Aiming: Pain
Press: ? - help, Shift-Dir - straight line, f/p - worm
Aim: a worm (severely wounded, chance to defeat MR: 82%)
The worm writhes in agony!
The worm bites you!
Ouch! That really hurt!
You die...

#.# #.# #.#
#.#.#. #..#
#.# #.# .#
#.#.#. #...#
#.# #.#
#.#.#. #....
#.# #.###
#.#...
#....##.#
#...# #.###.
.....#.#
###.# #.....
#...#.# #.#
#####.
...#...#Z#
#.# #.
#....).w@#
#.# #.
##.#...###
#.# #. #...
#.# #. ###.
#.# #. ..
#.# #. ..
#.# #. ...
#.#########.
##.
#...........
############


You could see a worm and a friendly rat skeleton.

Vanquished Creatures
  6 bats
  2 goblins (D:2)
  2 hobgoblins
  5 jackals
  4 kobolds
  A ball python (D:2)
  3 frilled lizards (D:1)
  4 rats
27 creatures vanquished.

Vanquished Creatures (others)
  5 toadstools (D:1)
5 creatures vanquished.

Grand Total: 32 creatures vanquished

Notes
Turn   | Place    | Note
-------+----------+-------------------------------------------
     0 | D:1      | komo4ek the Vine Stalker Necromancer began the quest for the Orb.
     0 | D:1      | Reached XP level 1. HP: 9/9 MP: 4/4
     3 | D:1      | Learned a level 1 spell: Animate Skeleton
   207 | D:1      | Reached XP level 2. HP: 10/13 MP: 1/6
  1048 | D:2      | Reached XP level 3. HP: 7/16 MP: 2/8
  1293 | D:2      | Slain by a worm

Action                   || total
-------------------------++-------
Melee: Dagger            ||     2
       Bite              ||     1
 Cast: Pain              ||    40
       Animate Skeleton  ||     7
  Eat: Chunk             ||     2
Armor: Robe              ||     9
Dodge: Dodged            ||    20
